 Dungeon Crawl Stone Soup version 0.15-a0-39-g424acf8 (webtiles) character file.

6450 4tharraofdagon the Spear-Bearer (level 10, -1/82 HPs)
             Began as a Merfolk Fighter on Apr 3, 2014.
             Was a Priest of the Shining One.
             Shot with an arrow by a centaur (8 damage)
             ... on Level 12 of the Dungeon.
             The game lasted 00:27:00 (4595 turns).

4tharraofdagon the Spear-Bearer (Merfolk Fighter)   Turns: 4595, Time: 00:27:00

HP  -1/82        AC 13     Str 17      XL: 10   Next: 90%
MP  17/17        EV  5     Int 11      God: the Shining One [***...]
Gold 282         SH 22     Dex 12 (13) Spells:  0 memorised,  9 levels left

rFire  + . .     SeeInvis .     x - +0 halberd
rCold  . . .     Clarity  .     e - +0 plate armour
rNeg   + . .     Conserve +     (no shield)
rPois  +         rCorr    .     (no helmet)
rElec  .         rRot     .     (no cloak)
SustAb . .       Spirit   .     (no gloves)
rMut   .         Warding  .     w - +0 pair of boots
Saprov . . .     Stasis   .     J - amulet of conservation
MR     .....                    l - ring of poison resistance
                                s - ring of protection from fire

@: glowing, not resistant to hostile enchantments, extremely unstealthy
A: change form in water, swift swim
a: Divine Shield, Renounce Religion


You were on level 12 of the Dungeon.
You worshipped the Shining One.
The Shining One was most pleased with you.
You were not hungry.

You visited 1 branch of the dungeon, and saw 12 of its levels.

You collected 282 gold pieces.

Inventory:

Hand weapons
 a - a +0,-2 trident
 x - a +0,+0 halberd (weapon)
Missiles
 n - 6 javelins of penetration (quivered)
 C - 3 javelins
Armour
 b - a +0 scale mail
 c - a +0 shield
 e - a +0 plate armour (worn)
 w - a +0 pair of boots (worn)
Magical devices
 p - a wand of confusion (10)
 u - a wand of polymorph (13)
 G - a wand of slowing (0)
Comestibles
 d - 8 bread rations
 f - 4 meat rations
Scrolls
 g - a scroll of enchant armour {unknown}
 i - 2 scrolls of noise {unknown}
 k - a scroll of magic mapping {unknown}
 m - a scroll of enchant weapon I {unknown}
 o - 7 scrolls of remove curse
 t - 3 scrolls of fear {unknown}
 v - a scroll of immolation
 y - a scroll of enchant weapon II
 B - a scroll of identify
 K - a scroll of random uselessness {unknown}
 M - a scroll of enchant weapon III
 O - a scroll of amnesia {unknown}
Jewellery
 l - a ring of poison resistance (right hand)
 s - a ring of protection from fire (left hand)
 A - an uncursed amulet of resist mutation
 J - an amulet of conservation (around neck)
Potions
 h - a potion of restore abilities
 q - 2 potions of magic
 D - a potion of confusion
 E - a potion of paralysis
 F - a potion of lignification
 H - a potion of degeneration
 I - a potion of cure mutation
Books
 r - a book of War Chants

   Spells                             Type                      Level
   Fire Brand                         Charms/Fire                  2
   Freezing Aura                      Charms/Ice                   2
   Shroud of Golubria                 Charms/Translocation         2
   Repel Missiles                     Charms/Air                   2
   Poison Weapon                      Charms/Poison                3
   Regeneration                       Charms/Necromancy            3
 L - a book of Debilitation

   Spells                             Type                      Level
   Corona                             Hexes                        1
   Slow                               Hexes                        2
   Inner Flame                        Hexes/Fire                   3
   Enslavement                        Hexes                        4
   Cause Fear                         Hexes                        4
   Leda's Liquefaction                Hexes/Earth                  4


   Skills:
 + Level 8.4 Fighting
 * Level 13.8 Polearms
 + Level 5.6 Armour
 + Level 7.5 Shields
 + Level 4.3 Invocations


You had 9 spell levels left.
You didn't know any spells.

Dungeon Overview and Level Annotations

Branches:
Dungeon (12/15)            Temple (0/1) D:6             Orc (0/4) D:11
   Lair (0/8) D:10

Altars:
Cheibriados
Elyvilon
Nemelex Xobeh
Vehumet
The Shining One

Shops:
D:4 %


Message History

Unknown command.
You puncture the centaur!
The centaur is moderately wounded.
The centaur hits you but does no damage. x2
Unknown command.
Unknown command.
You hit the centaur.
The centaur is moderately wounded.
The centaur wields a bow.
The centaur shoots an arrow.
The arrow hits you!
The centaur shoots an arrow.
The arrow misses you.
The centaur hits you but does no damage. 2 centaurs come into view.
Unknown command.
Unknown command.
Unknown command.
The centaur shouts! x2
The centaur hits you!
* * * LOW HITPOINT WARNING * * *
The centaur wields a bow.
The centaur shoots an arrow.
The arrow hits you!
You die...

#.# ....# #.#
x.....# .
#..+......+
....
##.+......+
..... ##.....J#
...... [#....#!
....... #++
.......
#.$####......(
#....@(........
#....c(........
#....c.########
#....c...
#..........
#..........#
#c...c.....#
#...c......#
....######


You could see 6 centaurs.

Vanquished Creatures
  2 unseen horrors (D:12)
  Pikel (D:7)
  A hill giant zombie (D:11)
  Eustachio (D:5)
  4 humans (D:8)
  A water moccasin (D:10)
  A necrophage (D:11)
  2 phantoms
  An orc warrior (D:8)
  2 sky beasts
  2 ice beasts (D:11)
  3 ogres
  Sigmund (D:7)
  4 centaurs
  6 giant frogs
  A big kobold (D:11)
  Blork the orc (D:5)
  2 cyclops zombies
  An eye of draining (D:11)
  5 scorpions
  A goliath beetle (D:11)
  2 wights (D:12)
  2 crimson imps (D:7)
  2 quasits
  5 hounds
  4 jellies
  4 big fish
  3 orc priests
  5 orc wizards
  7 worker ants
  2 iguanas
  A hound skeleton (D:10)
  7 adders
  11 gnolls
  A green rat (D:5)
  3 shadow imps
  A worm (D:5)
  An ufetubus (D:5)
  4 giant eyeballs
  2 giant geckos
  2 oozes
  22 orcs
  A ball python (D:5)
  13 bats
  8 giant cockroaches
  15 goblins
  12 hobgoblins
  5 quokkas
  A giant gecko skeleton (D:4)
  8 giant newts
  A hobgoblin skeleton (D:8)
  22 kobolds
  A quokka skeleton (D:7)
  12 rats
233 creatures vanquished.

Vanquished Creatures (others)
  3 slaves (D:7)
  An orc (D:7)
  A bat (D:5)
  A plant (D:10)
6 creatures vanquished.

Grand Total: 239 creatures vanquished

Notes
Turn   | Place    | Note
--------------------------------------------------------------
     0 | D:1      | 4tharraofdagon, the Merfolk Fighter, began the quest for the Orb.
     0 | D:1      | Reached XP level 1. HP: 18/18 MP: 1/1
   122 | D:1      | Reached XP level 2. HP: 12/24 MP: 2/2
   366 | D:1      | Reached skill level 4 in Polearms
   442 | D:2      | Reached XP level 3. HP: 21/29 MP: 3/3
   589 | D:4      | Paralysed by a giant eyeball for 2 turns
   628 | D:4      | Found a glowing golden altar of the Shining One.
   630 | D:4      | Found a radiant altar of Vehumet.
   632 | D:4      | Found a sparkling altar of Nemelex Xobeh.
   638 | D:4      | Became a worshipper of the Shining One
   720 | D:4      | Noticed a scorpion
   736 | D:4      | HP: 1/30 [scorpion (7)]
   738 | D:4      | Killed a scorpion
   738 | D:4      | Reached skill level 5 in Polearms
   738 | D:4      | Reached XP level 4. HP: 29/37 MP: 4/4
   767 | D:4      | Noticed a scorpion
   776 | D:4      | Killed a scorpion
   776 | D:4      | Reached XP level 5. HP: 40/42 MP: 5/5
   912 | D:3      | Noticed an ogre
  1158 | D:4      | Found Thosues' Food Boutique.
  1168 | D:4      | Reached skill level 6 in Polearms
  1168 | D:4      | Reached XP level 6. HP: 44/49 MP: 6/6
  1472 | D:5      | Entered Level 5 of the Dungeon
  1609 | D:5      | Reached skill level 7 in Polearms
  1609 | D:5      | Reached XP level 7. HP: 27/55 MP: 7/7
  1639 | D:5      | Reached skill level 5 in Fighting
  1730 | D:4      | Found a snail-covered altar of Cheibriados.
  1771 | D:4      | Paralysed by a giant eyeball for 2 turns
  1774 | D:4      | Paralysed by a giant eyeball for 4 turns
  1789 | D:4      | Acquired the Shining One's first power
  1803 | D:4      | Noticed a scorpion
  1810 | D:4      | Killed a scorpion
  1810 | D:4      | Reached skill level 8 in Polearms
  1822 | D:5      | Noticed Eustachio
  2248 | D:5      | Reached XP level 8. HP: 30/63 MP: 8/8
  2440 | D:7      | Reached skill level 9 in Polearms
  2440 | D:7      | Reached skill level 5 in Shields
  2452 | D:7      | Noticed Pikel
  2458 | D:8      | Found a white marble altar of Elyvilon.
  2688 | D:7      | Killed Pikel
  2688 | D:7      | Reached skill level 10 in Polearms
  2688 | D:7      | Reached XP level 9. HP: 15/71 MP: 9/9
  2838 | D:6      | Found a staircase to the Ecumenical Temple.
  2903 | D:6      | Reached skill level 11 in Polearms
  3087 | D:5      | Paralysed by a giant eyeball for 4 turns
  3093 | D:5      | Paralysed by a giant eyeball for 2 turns
  3116 | D:5      | Killed Eustachio
  3140 | D:5      | Noticed Blork the orc
  3145 | D:5      | Killed Blork the orc
  3270 | D:7      | Acquired the Shining One's second power
  3346 | D:7      | Got a colourful robe
  3351 | D:7      | Identified the +0 robe "Neralil" {rF+} (You found it on level 7 of the Dungeon)
  3444 | D:7      | Noticed Sigmund
  3455 | D:7      | Killed Sigmund
  3455 | D:7      | Reached skill level 1 in Invocations
  3554 | D:8      | Reached skill level 12 in Polearms
  3678 | D:8      | Reached skill level 5 in Armour
  3683 | D:8      | Reached XP level 10. HP: 25/79 MP: 11/13
  3921 | D:10     | Entered Level 10 of the Dungeon
  3921 | D:10     | Noticed a cyclops
  4261 | D:11     | Found a staircase to the Orcish Mines.
  4289 | D:11     | Reached skill level 13 in Polearms
  4430 | D:10     | Found a staircase to the Lair.
  4555 | D:12     | Noticed an unseen horror
  4555 | D:12     | Noticed an unseen horror
  4567 | D:12     | Killed an unseen horror
  4580 | D:12     | Killed an unseen horror
  4595 | D:12     | Shot with an arrow by a centaur

Action                   |  1- 3 |  4- 6 |  7- 9 | 10-12 || total
-------------------------+-------+-------+-------+-------++-------
Melee: Trident           |   134 |    91 |     3 |    10 ||   238
       Halberd           |       |   149 |   325 |   223 ||   697
Throw: Javelin           |     4 |     4 |    20 |     1 ||    29
Invok: Divine Shield     |       |       |       |     1 ||     1
Evoke: Wand              |     1 |     1 |     1 |     1 ||     4
  Use: Potion            |     1 |     5 |     5 |     3 ||    14
       Scroll            |     1 |     3 |    10 |     6 ||    20
